 Dungeon Crawl Stone Soup version 0.29-a0-25-g7f48f51 (webtiles) character file.

Game seed: 13101258993462079115

1624 Illumine the Gusty (level 8, -24/62 HPs)
             Began as a Demigod Air Elementalist on Jan 30, 2022.
             Annihilated by an enormous slime creature (65 damage)
             ... on level 7 of the Dungeon.
             The game lasted 00:13:56 (8103 turns).

Illumine the Gusty (Demigod Air Elementalist)       Turns: 8103, Time: 00:13:57

Health: -24/62     AC:  7    Str:  9    XL:     8   Next: 38%
Magic:  14/27      EV: 13    Int: 25    God:
Gold:   377        SH:  0    Dex: 14    Spells: 4/15 levels left

rFire   . . .      SeeInvis .   s - +2 quick blade
rCold   . . .      Faith    .   (no shield)
rNeg    . . .      Spirit   .   C - +2 robe {Will+}
rPois   .          Reflect  .   e - +2 helmet
rElec   .          Harm     .   (no cloak)
rCorr   .          Rampage  .   (no gloves)
Will    +....                   (no boots)
Stlth   ++........              (no amulet)
HPRegen 0.20/turn               v - ring of magical power
MPRegen 0.20/turn               (no ring)

@: swift, very quick
A: high MP 1, forlorn, divine attributes
a: no special abilities


You were on level 7 of the Dungeon.
You visited 1 branch of the dungeon, and saw 7 of its levels.

You collected 377 gold pieces.

Inventory:

Hand Weapons
 l - a +1 vorpal flail
 s - a +2 quick blade (weapon)
 t - a +2 flail of holy wrath
Missiles
 g - 181 stones
 j - 22 poisoned darts (quivered)
 r - 4 atropa-tipped darts
Armour
 e - a +2 helmet (worn)
 C - a +2 robe of willpower (worn)
Jewellery
 v - a ring of magical power (left hand)
Wands
 a - a wand of acid (10)
 w - a wand of flame (14)
Scrolls
 k - 3 scrolls of teleportation
 m - a scroll of amnesia
 n - a scroll of brand weapon {unknown}
 q - a scroll of blinking {unknown}
 y - a scroll of noise {unknown}
 A - a scroll of silence {unknown}
 B - a scroll of enchant armour {unknown}
Potions
 b - 2 potions of brilliance
 c - 3 potions of flight
 f - a potion of mutation {unknown}
 h - a potion of cancellation {unknown}
 i - a potion of invisibility {unknown}
 o - a potion of magic {unknown}
 p - a potion of attraction
 u - a potion of resistance {unknown}
 x - a potion of curing {unknown}
 z - 2 potions of heal wounds {unknown}


   Skills:
 + Level 2.3 Fighting
 + Level 2.0 Short Blades
 + Level 3.3 Dodging
 - Level 2.0 Stealth
 - Level 4.4 Spellcasting
 + Level 4.2 Conjurations
 + Level 2.7 Translocations
 + Level 6.2 Air Magic


You had 4 spell levels left.
You knew the following spells:

 Your Spells              Type           Power      Damage    Failure   Level
a - Shock                 Conj/Air       100%       1d9       1%          1
b - Static Discharge      Conj/Air       31%        N/A       1%          2
c - Swiftness             Air            36%        N/A       1%          3
d - Apportation           Tloc           38%        N/A       3%          1
e - Airstrike             Air            18%        N/A       7%          4

Your spell library contained the following spells:

 Spells                   Type           Power      Damage    Failure   Level
 Corpse Rot               Necr/Air       42%        N/A       3%          2
 Slow                     Hex            20%        N/A       9%          1
 Stone Arrow              Conj/Erth      32%        3d9       11%         3
 Ensorcelled Hibernation  Hex/Ice        10%        N/A       13%         2
 Passwall                 Tmut/Erth      4%         N/A       13%         2
 Confusing Touch          Hex            5%         N/A       26%         3
 Ozocubu's Armour         Ice            5%         N/A       26%         3
 Spider Form              Tmut/Pois      5%         N/A       26%         3
 Vampiric Draining        Necr           5%         2d6       26%         3
 Anguish                  Hex/Necr       2%         N/A       65%         4
 Dispel Undead            Necr           5%         3d7       65%         4
 Summon Ice Beast         Ice/Summ       5%         N/A       65%         4
 Agony                    Necr           5%         N/A       94%         5
 Alistair's Intoxication  Tmut/Pois      3%         N/A       94%         5
 Excruciating Wounds      Necr           2%         N/A       94%         5
 Metabolic Englaciation   Hex/Ice        2%         N/A       94%         5
 Summon Mana Viper        Hex/Summ       5%         N/A       94%         5
 Death Channel            Necr           2%         N/A       100%        6
 Simulacrum               Ice/Necr       2%         N/A       100%        6
 Monstrous Menagerie      Summ           2%         N/A       100%        7


Dungeon Overview and Level Annotations

Branches:
Dungeon (7/15)             Temple (0/1) D:5

Shops:
D:5 *


Innate Abilities, Weirdness & Mutations

You have an increased reservoir of magic. (+10% MP)
You shall have no god before yourself.
Your divine heritage dramatically boosts your attributes as you level up.


Message History

Aiming: Shock (safe; 1% risk of failure)
Press: ? - help, Shift-Dir - straight line, f/p - very large slime creature
Aim: a very large slime creature (heavily wounded, 94% to hit)
The zap hits the very large slime creature.
The very large slime creature is heavily wounded.
The zap hits the slime creature.
The slime creature is lightly wounded.
Casting: Shock (safe; 1% risk of failure)
Confirm with . or Enter, or press ? or * to list all spells.
Aiming: Shock (safe; 1% risk of failure)
Press: ? - help, Shift-Dir - straight line, f/p - very large slime creature
Aim: a very large slime creature (heavily wounded, 94% to hit)
The zap hits the very large slime creature.
The very large slime creature is heavily wounded.
The zap hits the slime creature.
The slime creature is lightly wounded.
The very large slime creature hits you but does no damage.
The very large slime creature hits you!
Two slime creatures merge to form an enormous slime creature.
Casting: Shock (safe; 1% risk of failure)
Confirm with . or Enter, or press ? or * to list all spells.
Aiming: Shock (safe; 1% risk of failure)
Press: ? - help, Shift-Dir - straight line, f/p - enormous slime creature
Aim: an enormous slime creature (moderately wounded, 94% to hit)
The zap hits the enormous slime creature!
The enormous slime creature is moderately wounded.
Unknown command.
You hit the enormous slime creature.
The enormous slime creature is moderately wounded.
You hit the enormous slime creature.
The enormous slime creature is moderately wounded.
The enormous slime creature hits you!
Casting: Shock (safe; 1% risk of failure)
Confirm with . or Enter, or press ? or * to list all spells.
Okay, then.
Casting: Shock (safe; 1% risk of failure)
Confirm with . or Enter, or press ? or * to list all spells.
You feel quick. The enormous slime creature hits you!!!
Ouch! That really hurt!
You die...

######## ######
#......# #...)#
#......# #.##.#
#......# .. #.#
#......# .# #.#
#......# #.#
#.## ##...J@<#
..# #..#
##....####
.####..###..##.#
.J.....>...###.#
#####..##### #.#
# #..# #.# #
#..# #.# ##..#
#.# #...# #.#


You could see an enormous slime creature.

Vanquished Creatures
  3 water moccasins
  A sky beast (D:6)
  A centaur (D:6)
  A necrophage (D:6)
  3 ogres
  A phantom (D:4)
  A kobold brigand (D:6)
  A bullfrog (D:6)
  A wyvern zombie (D:6)
  A centaur zombie (D:6)
  2 hounds
  2 orc priests (D:3)
  2 centaur skeletons
  3 jellies
  Jessica (D:2)
  An iguana (D:4)
  An orc wizard (D:5)
  A howler monkey zombie (D:5)
  3 gnolls (D:5)
  4 adders
  2 dart slugs (D:1)
  2 worms (D:2)
  12 orcs
  5 endoplasms
  7 giant cockroaches
  4 hobgoblins
  4 jackals (D:5)
  3 quokkas (D:1)
  7 ball pythons
  8 bats
  7 kobolds
  2 rats
97 creatures vanquished.

Notes
Turn   | Place    | Note
-------+----------+-------------------------------------------
     0 | D:1      | Illumine the Demigod Air Elementalist began the quest for
                  | the Orb.
     0 | D:1      | Reached XP level 1. HP: 14/14 MP: 5/5
    70 | D:1      | Reached skill level 1 in Conjurations
   270 | D:1      | Reached XP level 2. HP: 20/20 MP: 2/7
   731 | D:1      | Reached skill level 3 in Air Magic
  1012 | D:2      | Reached XP level 3. HP: 26/26 MP: 4/8
  1018 | D:2      | Learned a level 2 spell: Static Discharge
  1022 | D:2      | Learned a level 3 spell: Swiftness
  1412 | D:2      | Noticed Jessica
  1705 | D:2      | Got the Guide on the Dark Mountains
  2046 | D:2      | Killed Jessica
  2939 | D:3      | Reached XP level 4. HP: 31/33 MP: 5/10
  3039 | D:3      | Learned a level 1 spell: Apportation
  4071 | D:3      | Reached XP level 5. HP: 38/38 MP: 8/12
  4199 | D:4      | Noticed an ogre
  4208 | D:4      | Killed an ogre
  4209 | D:4      | Reached skill level 1 in Translocations
  4340 | D:4      | Reached skill level 4 in Air Magic
  4340 | D:4      | Reached XP level 6. HP: 34/45 MP: 7/13
  4692 | D:4      | Learned a level 4 spell: Airstrike
  5226 | D:5      | Entered Level 5 of the Dungeon
  5368 | D:5      | Found Lonaatej's Overcharged Wands.
  5467 | D:5      | Noticed a water moccasin
  5478 | D:5      | Found a staircase to the Ecumenical Temple.
  5668 | D:5      | Reached skill level 5 in Air Magic
  5706 | D:5      | Noticed a water moccasin
  5719 | D:5      | Killed a water moccasin
  5720 | D:5      | Reached XP level 7. HP: 34/50 MP: 16/16
  6134 | D:5      | Noticed a yak
  6134 | D:5      | Noticed a yak
  6134 | D:5      | Noticed a yak
  6222 | D:6      | Reached skill level 1 in Fighting
  6433 | D:6      | Reached skill level 1 in Short Blades
  6574 | D:6      | Reached XP level 8. HP: 20/60 MP: 14/17
  6807 | D:6      | Reached skill level 6 in Air Magic
  7805 | D:7      | Noticed a slime creature
  7806 | D:7      | Noticed a slime creature
  7807 | D:7      | Noticed a slime creature
  7807 | D:7      | Noticed a slime creature
  8103 | D:7      | Annihilated by an enormous slime creature

Illustrated notes

Levels and vault maps discovered:
D:1:      minmay_arrival_shoal_huts, layout_loops_ring, st_stairs_2,
          minmay_statues_item
D:2:      layout_loops_corners, item_on_display_a, uniq_jessica
D:3:      layout_loops_ring, hellmonk_ecumenical_altar_blasted,
          minmay_misc_feat_iff
D:4:      layout_loops_ring, minmay_misc_feat_tiny
D:5:      layout_loops_ring, minmay_temple_entry_mist,
          nicolae_shop_overcharged_wands
D:6:      layout_gridville, vehumet_altar_wand_db, minmay_quadrilaterals
D:7:      layout_rooms, serial_shops, nicolae_shop_crystal,
          kennysheep_generic_room_5

Skill      XL: |  1  2  3  4  5  6  7  8 |
---------------+-------------------------+-----
Conjurations   | 1 2 3 4 |  4.2
Stealth        | 2 |  2.0
Dodging        | 2 3 |  3.3
Spellcasting   | 2 3 4 |  4.4
Air Magic      | 3 4 5 6 |  6.2
Translocations | 1 2 |  2.7
Fighting       | 1 2 |  2.3
Short Blades   | 1 2 |  2.0

Action                   |  1- 3 |  4- 6 |  7- 9 || total
-------------------------+-------+-------+-------++-------
Melee: Unarmed           |     2 |       |       ||     2
       Flail             |       |    10 |       ||    10
       Quick blade       |       |    10 |     9 ||    19
Throw: Dart              |       |     6 |       ||     6
 Cast: Shock             |    77 |   127 |    42 ||   246
       Airstrike         |       |       |    33 ||    33
       Swiftness         |       |       |     1 ||     1
  Use: Scroll            |       |     3 |     5 ||     8
 Stab: Sleeping          |       |     1 |       ||     1
Armor: Robe              |     5 |    12 |    10 ||    27
Dodge: Dodged            |     4 |    28 |    23 ||    55

Table legend: (Time is in decaauts)
 A = Elapsed time spent in this place.
 B = Non-inter-level travel time spent in this place.
 C = Inter-level travel time spent in this place.
 D = Time resting spent in this place.
 E = Time spent auto-exploring this place.
 F = Levels seen in this place.
 G = Mean time per level.
                   A        B        C        D        E       F      G
               +--------+--------+--------+--------+--------+-----+--------+
         Total |   8106 |   7907 |    199 |    868 |   6005 |   7 | 1158.0 |
       Dungeon |   8106 |   7907 |    199 |    868 |   6005 |   7 | 1158.0 |
               +--------+--------+--------+--------+--------+-----+--------+

Top non-repeatable levels by time:
     D:2: 1840 daAuts
     D:6: 1695 daAuts
     D:3: 1357 daAuts
     D:4: 1035 daAuts
     D:1: 996 daAuts
     D:5: 930 daAuts
     D:7: 251 daAuts
